 Dungeon Crawl Stone Soup version 0.20-a0-754-g13ddd6e (webtiles) character file.

23 nono the Chucker (level 3, 0/19 HPs)
             Began as a Vine Stalker Hunter on Feb 27, 2017.
             Slain by a rat (2 damage)
             ... on level 2 of the Dungeon.
             The game lasted 00:02:09 (202 turns).

nono the Chucker (Vine Stalker Hunter)               Turns: 202, Time: 00:02:10

Health: 0/19       AC:  3    Str: 15    XL:     3   Next: 0%
Magic:  0/4        EV: 12    Int: 11    God:
Gold:   19         SH:  0    Dex: 14    Spells: 2/2 levels left

rFire    . . .     SeeInvis .   a - +0 short sword
rCold    . . .     Gourm    .   b - +0 leather armour
rNeg     . . .     Faith    .   (no shield)
rPois    .         Spirit   +   (no helmet)
rElec    .         Reflect  .   (no cloak)
rCorr    .         Harm     .   (no gloves)
MR       .....                  (no boots)
Stlth    ++........             (no amulet)
Regen    0.1/turn               (no ring)
MPRegen  0.1/turn               (no ring)

@: no status effects
A: fangs 2, magic shield, antimagic bite, no potion heal 3, rot immunity
a: no special abilities


You were on level 2 of the Dungeon.
You were not hungry.

You visited 1 branch of the dungeon, and saw 2 of its levels.

You collected 19 gold pieces.

Inventory:

Hand Weapons
 a - a +0 short sword (weapon)
Missiles
 c - 4 javelins (quivered)
Armour
 b - a +0 leather armour (worn)
Scrolls
 i - a scroll of teleportation {unknown}
 j - a scroll of identify {unknown}
 l - a scroll of remove curse {unknown}
Potions
 e - 2 potions of flight {unknown}
 h - a potion of invisibility {unknown}
Comestibles
 f - 2 bread rations
 g - a meat ration
 k - a royal jelly


   Skills:
 + Level 2.4 Fighting
 + Level 1.5 Short Blades
 - Level 3.6 Throwing
 - Level 1.5 Dodging
 - Level 1.2 Stealth


You had 2 spell levels left.
You didn't know any spells.

Dungeon Overview and Level Annotations

Branches:
Dungeon (2/15)

Altars:


Innate Abilities, Weirdness & Mutations

You have extremely sharp teeth.
When hurt, damage is shared between your health and your magic reserves.
Your bite disrupts and absorbs the magic of your enemies.
Potions cannot restore your health.
You are immune to rotting.


Message History

The goblin closely misses you.
You miss the goblin. You bite the goblin. You drain its power.
You feel invigorated.
The goblin is heavily wounded.
The goblin hits you with a club.
You barely miss the goblin.
The goblin is heavily wounded.
The rat bites you but does no damage. The goblin hits you with a club.
* * * LOW HITPOINT WARNING * * *
Fire/throw which item? (* to show all) (? for menu, Esc to quit)
Press: ? - help, Shift-Dir - straight line, f - goblin
Aim: a goblin, wielding a club (heavily wounded)
You throw a javelin. The javelin hits the goblin.
You kill the goblin!
You have reached level 3!
Your experience leads to an increase in your attributes!
Increase (S)trength, (I)ntelligence, or (D)exterity?
You feel stronger. The rat bites you but does no damage. The rat bites you.
You die...

#...#.#...#.....#############
#..##.#...##....)...........#
#.. #.#...##....†###....###.#
#.. #)# #............# #.#
#.. ..# #............###.##
#..................
#........>.........
##..##..(...............
.......@(.............##
.......r.............>#
....#.................#
....#.#......#####.#### ...
.........(# #.# ..
##.#.......# #.. . #........
#... # #..#####. .... ...


You could see a rat.

Vanquished Creatures
  An adder (D:2)
  A worm (D:2)
  A dart slug (D:1)
  A giant cockroach (D:2)
  A bat (D:1)
  3 goblins
  3 kobolds
11 creatures vanquished.

Notes
Turn   | Place    | Note
-------+----------+-------------------------------------------
     0 | D:1      | nono the Vine Stalker Hunter began the quest for the Orb.
     0 | D:1      | Reached XP level 1. HP: 11/11 MP: 2/2
   106 | D:2      | Reached skill level 1 in Short Blades
   106 | D:2      | Reached XP level 2. HP: 15/15 MP: 3/3
   202 | D:2      | Reached XP level 3. HP: 2/19 MP: 0/4
   202 | D:2      | Slain by a rat

Vault maps used:
D:1:      minmay_arrival_doors
D:2:      uniq_jessica

Skill      XL: |  1 |
---------------+----+-----
Fighting       | 2 |  2.4
Short Blades   | 1 |  1.5
Throwing       | |  3.6
Dodging        | |  1.5
Stealth        | |  1.2

Action                   || total
-------------------------++-------
Melee: Short sword       ||    23
       Bite              ||     6
Throw: Javelin           ||     7
       Throwing net      ||     2
 Stab: Sleeping          ||     1
Armor: Leather armour    ||     4
Dodge: Dodged            ||    14
